 Dungeon Crawl Stone Soup version 0.24-b1 (webtiles) character file.

Game seed: 13007841162189558215, levelgen mode: deterministic

57 CryoSword the Skirmisher (level 3, -7/29 HPs)
             Began as a Demonspawn Fighter on Oct 13, 2019.
             Killed from afar by an orc wizard (8 damage)
             ... with a magic dart
             ... on level 2 of the Dungeon.
             The game lasted 00:04:37 (1761 turns).

CryoSword the Skirmisher (Demonspawn Fighter)       Turns: 1761, Time: 00:04:38

Health: -7/29      AC:  6    Str: 17    XL:     3   Next: 73%
Magic:  3/3        EV:  7    Int:  9    God:
Gold:   56         SH:  9    Dex: 12    Spells: 2/2 levels left

rFire    . . .     SeeInvis .   a - +0 long sword
rCold    . . .     Gourm    .   c - +0 shield
rNeg     . . .     Faith    .   b - +0 scale mail
rPois    .         Spirit   .   (helmet restricted)
rElec    .         Reflect  .   (no cloak)
rCorr    .         Harm     .   (no gloves)
MR       .....                  (no boots)
Stlth    ..........             (no amulet)
HPRegen  0.09/turn              (no ring)
MPRegen  0.08/turn              (no ring)

@: no status effects
A: antennae 1
a: no special abilities


You were on level 2 of the Dungeon.
You were not hungry.

You visited 1 branch of the dungeon, and saw 3 of its levels.

You collected 56 gold pieces.

Inventory:

Hand Weapons
 a - a +0 long sword (weapon)
Missiles
 j - 11 poisoned darts (quivered)
 n - 10 curare-tipped darts {!f}
Armour
 b - a +0 scale mail (worn)
 c - a +0 shield (worn)
Jewellery
 e - a cursed ring of stealth {unknown}
   (You found it on level 1 of the Dungeon)
Scrolls
 l - a scroll of noise {unknown}
 m - 3 scrolls of teleportation {unknown}
Potions
 d - a potion of might
 h - 2 potions of curing {unknown}
 i - a potion of mutation {unknown}
 k - a potion of haste {unknown}
Comestibles
 f - 5 rations {!d}


   Skills:
 + Level 3.4 Fighting
 * Level 3.0 Long Blades
 - Level 2.6 Armour
 + Level 3.1 Shields


You had 2 spell levels left.
You didn't know any spells.
Your spell library contained the following spells:

 Spells                   Type           Power        Failure   Level  Hunger
 Beastly Appendage        Tmut           #.....       99%         1    ##.....
 Sticks to Snakes         Tmut           #.......     100%        2    ###....
 Spider Form              Tmut/Pois      #.........   100%        3    ####...
 Ice Form                 Ice/Tmut       #.......     100%        4    #####..
 Blade Hands              Tmut           #.........   100%        5    ######.


Dungeon Overview and Level Annotations

Branches:
Dungeon (3/15)

Altars:
Ashenzari

Annotations:
D:3 Natasha


Innate Abilities, Weirdness & Mutations

You have a pair of small antennae on your head.


Message History

The bat hits you but does no damage.
You closely miss the bat. The bat completely misses you.
You block the bat's attack.
You hit the bat.
You kill the bat!
No target in view!
No target in view!
Done exploring.
Done exploring.
Done exploring.
Done exploring.
No target in view!
No target in view!
All of the chunks of flesh in your inventory have rotted away.
There is a stone staircase leading down here.
You climb downwards. 2 goblins, 4 orcs and a zombie come into view.
The goblin shouts! x2; The orc shouts!
The orc wizard shouts!
The orc priest shouts!
The orc shouts!
You hear a shout! x3
Found a ration and a scroll labeled HULINECOSY.
There is a stone staircase leading up here.
Throwing (i - inventory. (/) - cycle)
j - 13 poisoned darts (quivered)
Press: ? - help, Shift-Dir - straight line, f - centaur zombie
Aim: a centaur zombie You throw a poisoned dart.
The poisoned dart hits the centaur zombie.
A hobgoblin comes into view.
The orc throws a boomerang.
The boomerang barely misses you.
The weapon returns to the orc!
A goblin comes into view. It is wielding a +0 club.
Throwing (i - inventory. (/) - cycle)
j - 12 poisoned darts (quivered)
Press: ? - help, Shift-Dir - straight line, f - orc wizard, p - centaur zombie
Aim: an orc wizard, wielding a +0 dagger and wearing a +2 robe of cold resistance You throw a poisoned dart.
The poisoned dart hits the orc wizard.
The orc wizard is poisoned.
A bat comes into view.
Natasha, Servant of Life and Death comes into view.
The orc priest casts a cantrip, but nothing happens.
The orc throws a boomerang.
The boomerang hits you. The centaur zombie barely misses you.
The orc wizard hits you but does no damage.
You block the orc's attack. The centaur zombie hits you.
You climb upwards.
There is a stone staircase leading down here.
You hit the orc wizard.
The orc wizard is heavily wounded.
The orc wizard looks more healthy.
The orc wizard hits you but does no damage.
You block the orc's attack.
You barely miss the orc wizard.
The orc wizard is severely wounded.
You block the orc wizard's attack. The orc hits you.
The orc wizard hits you with a +0 dagger.
The orc barely misses you.
You barely miss the orc wizard.
The orc wizard is severely wounded.
The orc wizard mumbles some strange words.
The orc wizard flickers and vanishes!
Deactivating autopickup; reactivate with Ctrl-A.
The orc hits you but does no damage.
You slash the orc!
You kill the orc!
Your Long Blades skill increases to level 3!
Something hits you. Something hits you but does no damage.
You see here a cursed -2 ring mail.
You miss something. Something hits you but does no damage. Something hits you.
You closely miss something. Something hits you but does no damage.
You miss something. Something hits you but does no damage.
You hit something. Something hits you.
You hear some strange, mumbled words.
A magic dart appears from out of thin air!
The magic dart hits you.
You closely miss something. Something hits you.
You miss something. Something hits you.
* * * LOW HITPOINT WARNING * * *
Something hits you but does no damage.
You completely miss something. You block something's attack.
You miss something. Something hits you but does no damage.
You miss something.
You hear some strange, mumbled words.
You are confused.
Something hits you.
* * * LOW HITPOINT WARNING * * *
You bump into the rock wall.
Something hits you but does no damage.
You completely miss something. Something hits you but does no damage.
You closely miss something.
You hear some strange, mumbled words.
A magic dart appears from out of thin air!
The magic dart hits you.
* * * LOW HITPOINT WARNING * * *
You're too confused to move!
You hear some strange, mumbled words.
A puff of flame appears from out of thin air!
The puff of flame hits you.
* * * LOW HITPOINT WARNING * * *
You feel less confused.
A magic dart appears from out of thin air!
The magic dart hits you!
You die...

..#######..# ###...##
.## #.## #.)..## .# #)#
##..### .# #.#####..##
## ##.#.....##
##....###.# #....####.#
###..#......######
##...........@....#
####.......#######{.##
#......##.## #.##
..(..#(...# #.#
).......##########.#
#...<.÷.........#[.#
................>.####
..#............#.....##
.##..≈≈........##.....##


There were no monsters in sight!

Vanquished Creatures
  An adder (D:1)
  An ooze (D:2)
  3 leopard geckos (D:1)
  An orc (D:2)
  4 bats
  A giant cockroach (D:1)
  5 hobgoblins
  A ball python (D:2)
  3 frilled lizards
  10 goblins
  6 kobolds
  2 rats
38 creatures vanquished.

Notes
Turn   | Place    | Note
-------+----------+-------------------------------------------
     0 | D:1      | CryoSword the Demonspawn Fighter began the quest for the
                  | Orb.
     0 | D:1      | Reached XP level 1. HP: 18/18 MP: 1/1
   166 | D:1      | Gained mutation: You have a pair of small antennae on your
                  | head. [demonic ancestry]
   166 | D:1      | Reached XP level 2. HP: 24/24 MP: 2/2
   652 | D:1      | HP: 1/24 [leopard gecko (3)]
   944 | D:1      | Reached XP level 3. HP: 28/29 MP: 3/3
  1398 | D:2      | Found a shattered altar of Ashenzari.
  1735 | D:3      | Noticed Natasha
  1756 | D:2      | HP: 1/29 [something/puff of flame (6)]
  1761 | D:2      | Killed from afar by an orc wizard

Skill      XL: |  1  2  3 |
---------------+----------+-----
Long Blades    | 2 3 |  3.0
Shields        | 3 |  3.1
Fighting       | |  3.4
Armour         | |  2.6

Action                   || total
-------------------------++-------
Melee: Long sword        ||   125
Throw: Dart              ||     2
  Eat: Chunk             ||     3
Armor: Scale mail        ||    62
Dodge: Dodged            ||    46
Block: Shield            ||    76
       Rpst.: Long sword ||    18
